 Dungeon Crawl Stone Soup version 0.27.0-1-g7a08968 (webtiles) character file.

Game seed: 14457251871504806836

85 Illumine the Twirler (level 4, -5/27 HPs)
             Began as a Gargoyle Gladiator on Aug 28, 2021.
             Slain by a gnoll shaman (11 damage)
             ... on level 2 of the Dungeon.
             The game lasted 00:04:19 (2411 turns).

Illumine the Twirler (Gargoyle Gladiator)           Turns: 2411, Time: 00:04:20

Health: -5/27      AC:  7    Str: 18    XL:     4   Next: 48%
Magic:  4/4        EV: 12    Int:  9    God:
Gold:   78         SH:  0    Dex: 11    Spells: 3/3 levels left

rFire    . . .     SeeInvis .   a - +0 quarterstaff
rCold    . . .     Faith    .   (shield currently unavailable)
rNeg     + . .     Spirit   .   b - +0 leather armour
rPois    ∞         Reflect  .   m - +0 helmet
rElec    +         Harm     .   (no cloak)
rCorr    .         Rampage  .   (no gloves)
Will     .....                  (no boots)
Stlth    +.........             (no amulet)
HPRegen  0.09/turn              (no ring)
MPRegen  0.09/turn              (no ring)

@: lit by a corona, glowing
A: sickness immunity, AC +3, negative energy resistance 1, electricity
resistance, torment resistance 1, petrification resistance
a: no special abilities


You were on level 2 of the Dungeon.
You visited 1 branch of the dungeon, and saw 3 of its levels.

You collected 78 gold pieces.

Inventory:

Hand Weapons
 a - a +0 quarterstaff (weapon)
Missiles
 d - 3 throwing nets (quivered)
Armour
 b - a +0 leather armour (worn)
 c - a +0 helmet
 m - a +0 helmet (worn)
Magical Staves
 g - a staff of conjuration
 h - a staff of cold
Wands
 f - a wand of digging (3)
Scrolls
 e - a scroll of amnesia {unknown}
 i - a scroll of magic mapping {unknown}
 j - a scroll of immolation {unknown}
 l - a scroll of noise {unknown}
 o - a scroll of teleportation {unknown}
Potions
 k - a potion of flight {unknown}
 n - a potion of haste {unknown}


   Skills:
 + Level 2.9 Fighting
 * Level 4.2 Staves
 - Level 1.8 Throwing
 + Level 3.0 Dodging


You had 3 spell levels left.
You didn't know any spells.
Your spell library contained the following spells:

 Spells                   Type           Power      Damage    Failure   Level
 Foxfire                  Conj/Fire      0%         2x1d4     43%         1
 Conjure Flame            Conj/Fire      0%         6-21      82%         3
 Inner Flame              Hex/Fire       0%         N/A       82%         3
 Iskenderun's Battlesphe  Conj           0%         2d6       100%        5
 Iron Shot                Conj/Erth      0%         9d1       100%        6
 Spellforged Servitor     Conj/Summ      0%         N/A       100%        7


Dungeon Overview and Level Annotations

Branches:
Dungeon (3/15)

Altars:

Shops:
D:1 [


Innate Abilities, Weirdness & Mutations

You are immune to sickness and miasma.
Your stone body is resilient. (AC +3)
You are immune to poison.
You resist negative energy. (rN+)
You are resistant to electric shocks. (rElec)
You are resistant to unholy torment.
You are immune to petrification.


Message History

The gnoll seems to speed up.
You sock the gnoll shaman!
The gnoll shaman is almost dead.
The gnoll shaman closely misses you.
You barely miss the gnoll shaman.
The gnoll shaman is almost dead.
The gnoll shaman utters an invocation to its god.
The gnoll shaman is healed somewhat.
You hit the gnoll shaman but do no damage.
The gnoll shaman is severely wounded.
The gnoll shaman invokes the aid of its god against you.
You are outlined in light.
You hit the gnoll shaman.
The gnoll shaman is almost dead.
The gnoll shaman prays to its god.
The gnoll shaman is healed somewhat.
You closely miss the gnoll shaman.
The gnoll shaman is severely wounded.
The gnoll shaman barely misses you.
The gnoll shaman hits you with a +0 whip.
You climb upwards.
There is a stone staircase leading down here.
You barely miss the gnoll shaman.
The gnoll shaman is severely wounded.
The gnoll shaman hits you with a +0 whip.
You hit the gnoll shaman but do no damage.
The gnoll shaman is severely wounded.
The gnoll shaman prays to its god.
The gnoll shaman is healed somewhat.
You hit the gnoll shaman.
The gnoll shaman is severely wounded.
The gnoll shaman hits you with a +0 whip.
* * * LOW HITPOINT WARNING * * *
You barely miss the gnoll shaman.
The gnoll shaman is severely wounded.
The gnoll shaman closely misses you.
You barely miss the gnoll shaman.
The gnoll shaman is severely wounded.
The gnoll shaman hits you with a +0 whip!
You die...

################# ###########
#.........##.....
#.........###g........##.....
#.#######..#@.........+......
#.#.....#..#).........##.....
##.##.#.##..#.####...####.....
#..#.....#..#.####............
#..###.###..#.................
#...........#....†............
#..[..........................
#####)#.......................
#.#........###...#########


You could see a gnoll shaman.

Vanquished Creatures
  2 gnolls
  An adder (D:2)
  2 worms (D:2)
  3 dart slugs
  4 orcs (D:3)
  3 ball pythons
  6 bats
  2 goblins
  5 hobgoblins
  4 jackals (D:1)
  A quokka (D:2)
  3 frilled lizards
  2 kobolds
  5 rats
43 creatures vanquished.

Notes
Turn   | Place    | Note
-------+----------+-------------------------------------------
     0 | D:1      | Illumine the Gargoyle Gladiator began the quest for the
                  | Orb.
     0 | D:1      | Reached XP level 1. HP: 12/12 MP: 1/1
    22 | D:1      | Found Upraappy's Armour Shoppe.
    42 | D:1      | Reached XP level 2. HP: 16/17 MP: 2/2
   108 | D:1      | Found a faded altar of an unknown god.
  1047 | D:2      | Reached XP level 3. HP: 21/22 MP: 3/3
  2042 | D:3      | Reached skill level 4 in Staves
  2042 | D:3      | Reached XP level 4. HP: 22/27 MP: 4/4
  2411 | D:2      | Slain by a gnoll shaman

Illustrated notes

Levels and vault maps discovered:
D:1:      minmay_arrival_checkered_box, layout_loops_ring,
          ebering_ecumenical_altar_abandoned, serial_shops, shop_fountains,
          serial_bayou_crossing
D:2:      layout_basic, minmay_split_cup_large
D:3:      layout_basic, lemuel_doored_altar, fedhas_altar_4, st_stairs_12,
          kennysheep_generic_room_11, uniq_crazy_yiuf_cottage, uniq_grinder,
          uniq_jessica

Skill      XL: |  1  2  3  4 |
---------------+-------------+-----
Staves         | 4 |  4.2
Dodging        | 3 |  3.0
Fighting       | |  2.9
Throwing       | |  1.8

Action                   |  1- 3 |  4- 6 || total
-------------------------+-------+-------++-------
Melee: Quarterstaff      |   115 |    32 ||   147
Armor: Leather armour    |    54 |     5 ||    59
Dodge: Dodged            |    91 |    18 ||   109
